Map: Dusk Towers

Players

IIIIIIIIIIII

  • Race: Protoss Protoss
  • League: Diamond

LilDicky - Winner!

  • Race: Terran Terran
  • League: Diamond

VOD

http://www.twitch.tv/tumescentpie

Description

Time

  • Played on: Dec. 10, 2015, 9:43 a.m.
  • Length: 5:46
Show
View Real Time Build Order
Export as new Build Order

IIIIIIIIIIII Protoss 

Build Orders: 1 Gate Expand 

Get SALT Encoding   

  12  0:01  Probe (Chrono Boost)  
  13  0:12  Probe (Chrono Boost)  
  14  0:18  Pylon  
  14  0:22  Probe (Chrono Boost)  
  15  0:36  Probe (Chrono Boost)  
  15  0:37  Gateway  
  16  0:46  Probe (Chrono Boost)  
  16  0:47  Assimilator  
  18  0:57  Probe (Chrono Boost)  
  18  1:07  Probe (Chrono Boost)  
  20  1:25  Nexus  
  19  1:31  Cybernetics Core  
  19  1:34  Probe (Chrono Boost)  
  19  1:39  Assimilator  
  20  1:46  Probe (Chrono Boost)  
  21  1:56  Probe (Chrono Boost), Pylon  
  22  2:07  Probe (Chrono Boost)  
  23  2:08  Warp Gate  
  23  2:14  Adept (Chrono Boost)  
  25  2:18  Probe  
  26  2:28  Forge  
  26  2:35  Twilight Council  
  26  2:43  Adept (Chrono Boost)  
  28  2:48  Probe x2  
  30  2:57  Pylon  
  30  3:00  Probe x2 (Chrono Boost)  
  30  3:04  Protoss Ground Weapons Level 1 (Chrono Boost)  
  32  3:11  Probe (Chrono Boost)  
  33  3:20  Photon Cannon  
  33  3:27  Photon Cannon  
  27  3:43  Resonating Glaives (Chrono Boost)  
  24  4:21  Mothership Core  
  24  4:23  Robotics Facility  
  26  4:28  Probe  
  26  4:29  Assimilator  
  27  4:39  Probe  
  27  4:45  Gateway  
  28  4:50  Gateway  
  28  4:54  Gateway  
  28  5:05  Probe  
  29  5:07  Probe  
  29  5:13  Observer (Chrono Boost)  
  31  5:18  Adept  
  31  5:19  Probe  
Show
View Real Time Build Order
Export as new Build Order

LilDicky Terran - Winner!

Build Orders: MMM Bio 

Get SALT Encoding   

  12  0:01  SCV  
  13  0:14  SCV  
  14  0:18  Supply Depot  
  14  0:26  Refinery  
  14  0:27  SCV  
  15  0:39  SCV  
  16  0:46  Barracks  
  16  0:54  SCV  
  17  1:06  SCV  
  18  1:18  SCV  
  19  1:30  SCV  
  20  1:33  Supply Depot, Marine  
  20  1:34  Factory  
  21  1:47  Orbital Command  
  21  1:51  Marine  
  22  2:00  Barracks  
  22  2:05  Barracks  
  22  2:11  Barracks Reactor  
  22  2:13  SCV  
  23  2:19  Refinery  
  23  2:29  SCV  
  24  2:41  Widow Mine  
  26  2:52  Barracks Tech Lab, Marine x2  
  26  2:53  SCV, Barracks Tech Lab  
  29  3:00  Supply Depot  
  29  3:10  Widow Mine  
  31  3:17  SCV  
  31  3:25  Combat Shields, Stimpack  
  31  3:26  Marine x3  
  34  3:27  Marine  
  34  3:29  SCV  
  36  3:37  Starport  
  36  3:38  Supply Depot  
  36  3:41  SCV  
  37  4:03  Widow Mine  
  37  4:04  SCV, Marine  
  37  4:05  Marine x3  
  44  4:11  Supply Depot  
  44  4:13  Medivac  
  44  4:16  SCV  
  47  4:30  Marine x2  
  47  4:31  SCV, Marauder x2  
  54  4:43  SCV  
  55  4:48  Marine x2  
  59  4:52  Marauder  
  59  4:55  SCV  
  60  5:04  Bunker  
  60  5:08  SCV  
  60  5:09  Engineering Bay  
Tags
 
Add a new tag
Caveats
  • Supply blocks, unpowered buildings, or Contaminate may cause inaccurate times.
  • Supply counts are checked every 10 seconds.